 Dungeon Crawl Stone Soup version 0.18-a0-1577-gf591c28 (webtiles) character file.

157 M4edhros the Vexing (level 5, -1/33 HPs)
             Began as an Octopode Arcane Marksman on Mar 20, 2016.
             Slain by an orc wizard
             ... wielding a cursed -3 dagger
              (2 damage)
             ... on level 3 of the Dungeon.
             The game lasted 00:03:40 (3593 turns).

M4edhros the Vexing (Octopode Arcane Marksman)      Turns: 3593, Time: 00:03:40

Health: -1/33      AC:  1    Str: 11      XL:     5   Next: 38%
Magic:  6/6        EV: 12    Int: 15 (16) God:
Gold:   164        SH:  0    Dex: 11      Spells: 2 memorised, 2 levels left

rFire  + . .     SeeInvis .     (no weapon)
rCold  . . .     Gourm    .     (no shield)
rNeg   . . .     Faith    .     (helmet restricted)
rPois  .         Spirit   .     (no amulet)
rElec  .         Dismiss  .     g - ring of protection from fire
rCorr  .         Reflect  .     (no ring)
SustAt .         Harm     .     (no ring)
MR     .....                    (no ring)
Stlth  ++........               (no ring)
                                (no ring)
                                (no ring)
                                (no ring)

@: not resistant to hostile enchantments, unstealthy
A: almost no armour, amphibious, 8 rings, constrict 8, camouflage 1,
deterioration 2, slow regeneration 1, gelatinous body 1
a: no special abilities


You were on level 3 of the Dungeon.
You were hungry.

You visited 1 branch of the dungeon, and saw 3 of its levels.

You collected 164 gold pieces.

Inventory:

Hand Weapons
 a - a +0 hunting sling
Missiles
 c - 20 sling bullets
 e - 116 stones (quivered)
 j - 29 poisoned sling bullets
Jewellery
 g - a ring of protection from fire (left tentacle)
Scrolls
 i - 5 scrolls of identify {unknown}
 k - a scroll of remove curse {unknown}
 l - a scroll of fog {unknown}
 m - a scroll of enchant weapon {unknown}
 o - a scroll of teleportation {unknown}
 p - a scroll of amnesia {unknown}
 t - 2 scrolls of noise {unknown}
Potions
 h - a potion of curing {unknown}
 r - a potion of invisibility {unknown}
Books
 b - a book of Debilitation

   Spells                             Type                      Level
   a - Corona                         Hexes                        1
   b - Slow                           Hexes                        2
   c - Gell's Gravitas                Hexes/Translocation          3
   d - Inner Flame                    Hexes/Fire                   3
   e - Cause Fear                     Hexes                        4
   f - Leda's Liquefaction            Hexes/Earth                  4
Comestibles
 d - a bread ration
 n - a meat ration
 q - 2 fruits
 s - a royal jelly


   Skills:
 - Level 1.0 Fighting
 - Level 2.0 Slings
 - Level 2.0 Dodging
 - Level 1.0 Spellcasting
 + Level 5.4 Hexes
 + Level 2.0 Translocations


You had 2 spell levels left.
You knew the following spells:

 Your Spells              Type           Power        Failure   Level  Hunger
a - Corona                Hex            ###....      2%          1    ##.....
b - Gell's Gravitas       Hex/Tloc       ##........   21%         3    ####...


Dungeon Overview and Level Annotations

Branches:
Dungeon (3/15)

Altars:
Okawaru
Pakellas
Sif Muna


Innate Abilities, Weirdness & Mutations

You cannot wear most types of armour.
You are amphibious.
You can wear up to eight rings at the same time.
You can use your tentacles to constrict eight enemies at once.
Your skin changes colour to match your surroundings (Stealth).
Your rubbery body absorbs attacks (AC +1).
Your body often deteriorates upon taking damage.
You regenerate slowly when monsters are visible.


Message History

Unknown command.
You tentacle-slap the orc wizard but do no damage.
The orc wizard is moderately wounded.
You constrict the orc wizard. The orc hits you with a club.
* * * LOW HITPOINT WARNING * * *
The orc wizard closely misses you.
Drink which item? (? for menu, Esc to quit)
It was a potion of mutation.
You feel extremely strange.
You feel yourself wasting away.
You feel your body start to fall apart.
Your natural regeneration is weakened.
You constrict the orc wizard.
The orc wizard points at you and mumbles some strange words.
The magic dart hits you!
* * * LOW HITPOINT WARNING * * *
Your body deteriorates!
You feel dopey. The orc barely misses you.
You tentacle-slap the orc wizard but do no damage.
The orc wizard is heavily wounded.
You constrict the orc wizard. The orc wizard hits you with a dagger.
You die...

###...###...#######
.....## ##...##...##
.##...###..........##
.#..#†....#.........#
.#.###...###........#
.#..#.....#.........#
.##...#.....##.....##
.####.....####....##
.# ###...# #.#@##
.....# #.#oo# ###..##
#.##.# #..# #.# .#
#..# #o# .# #..# #.#
.# ..# #. .# .#


You could see an orc wizard and an orc.

Vanquished Creatures
  Terence (D:3)
  Robin (D:2)
  2 adders (D:3)
  An ooze (D:3)
  3 worms
  A giant gecko (D:1)
  3 orcs (D:3)
  4 giant cockroaches
  13 goblins
  8 hobgoblins
  4 jackals (D:1)
  8 kobolds
  3 quokkas
  2 ball pythons
  14 bats
  3 giant newts
  9 rats
80 creatures vanquished.

Notes
Turn   | Place    | Note
--------------------------------------------------------------
     0 | D:1      | M4edhros the Octopode Arcane Marksman began the quest for the Orb.
     0 | D:1      | Reached XP level 1. HP: 13/13 MP: 2/2
    97 | D:1      | Reached XP level 2. HP: 4/18 MP: 3/3
   915 | D:1      | Reached skill level 4 in Hexes
   972 | D:1      | Reached XP level 3. HP: 20/23 MP: 4/4
  1227 | D:2      | Found an oddly glowing altar of Pakellas.
  1545 | D:2      | Noticed Robin
  1773 | D:2      | Killed Robin
  1773 | D:2      | Reached XP level 4. HP: 24/28 MP: 5/5
  1802 | D:2      | Reached skill level 5 in Hexes
  2003 | D:2      | Found a deep blue altar of Sif Muna.
  2072 | D:2      | Learned a level 3 spell: Gell's Gravitas
  2235 | D:3      | Noticed Terence
  2247 | D:3      | Killed Terence
  2247 | D:3      | Reached skill level 1 in Translocations
  2467 | D:3      | Reached XP level 5. HP: 5/33 MP: 6/6
  2947 | D:3      | Found an iron altar of Okawaru.
  3592 | D:3      | Gained mutation: Your body sometimes deteriorates upon taking damage. [potion of mutation]
  3592 | D:3      | Gained mutation: Your body often deteriorates upon taking damage. [potion of mutation]
  3592 | D:3      | Gained mutation: You regenerate slowly when monsters are visible. [potion of mutation]
  3592 | D:3      | HP: 1/33 [orc wizard/magic dart (8)]
  3593 | D:3      | Slain by an orc wizard

Vault maps used:
D:1:      minmay_arrival_loop
D:2:      lemuel_round_altar, grunt_pakellas_basics, uniq_robin
D:3:      okawaru_altar_gauntlet_db, minmay_strange_pillars, uniq_terence

Skill      XL: |  1  2  3  4  5 |
---------------+----------------+-----
Hexes          | 4 5 |  5.4
Translocations | 1 2 |  2.0
Fighting       | |  1.0
Slings         | |  2.0
Dodging        | |  2.0
Spellcasting   | |  1.0

Action                   |  1- 3 |  4- 6 || total
-------------------------+-------+-------++-------
Melee: Unarmed           |    98 |   146 ||   244
 Fire: Hunting sling     |    28 |       ||    28
  Use: Potion            |     1 |     1 ||     2
 Stab: Sleeping          |     7 |     3 ||    10
  Eat: Chunk             |     3 |     5 ||     8
